 Dungeon Crawl Stone Soup version 0.32-a0-814-g0968bab981 (webtiles) character file.

Game seed: 12095766104707515611

82 CoinPitGoblin the Caller (level 4, -6/34 HPs)
             Began as a Mountain Dwarf Summoner on Mar 6, 2024.
             Killed by divine providence
             ... invoked by an orc priest
              (11 damage)
             ... on level 3 of the Dungeon on Mar 22, 2024.
             The game lasted 00:07:30 (2516 turns).

CoinPitGoblin the Caller (Mountain Dwarf Summoner)  Turns: 2516, Time: 00:07:31

Health: -6/34      AC:  2    Str: 11    XL:     4   Next: 21%
Magic:  5/7        EV: 11    Int: 17    God:
Gold:   83         SH:  0    Dex: 10    Spells: 5/8 levels left

rFire   . . .        h - +2 short sword (drain)
rCold   . . .        (no shield)
rNeg    . . .        a - +0 robe
rPois   .            (no helmet)
rElec   .            (no cloak)
rCorr   .            (no gloves)
SInv    .            (no boots)
Will    .....        (no amulet)
Stlth   ++           (no ring)
HPRegen 0.25/turn    (no ring)
MPRegen 0.10/turn

%: no passive effects
@: no status effects
A: runic magic, artefact enchanting
a: Convert to Beogh


You were on level 3 of the Dungeon.
You visited 1 branch of the dungeon, and saw 3 of its levels.

You collected 83 gold pieces.

Inventory:

Hand Weapons
 e - a +0 dagger
 h - a +2 short sword of draining (weapon)
Armour
 a - a +0 robe (worn)
Talismans
 g - a maw talisman
Wands
 j - a wand of paralysis (10)
Scrolls
 d - 2 scrolls of immolation
Potions
 b - a potion of magic
 c - a potion of mutation {unknown}
 f - a potion of lignification {unknown}
 i - 2 potions of curing {unknown}


   Skills:
 + Level 0.4 Fighting
 + Level 0.3 Short Blades
 + Level 1.6 Dodging
 + Level 1.6 Stealth
 + Level 2.5 Spellcasting
 + Level 4.8 Summonings


You had 5 spell levels left.
You knew the following spells:

 Your Spells              Type           Power      Damage    Failure   Level
a - Summon Small Mammal   Summ           72%        N/A       2%          1
b - Call Imp              Summ           36%        N/A       3%          2

Your spell library contained the following spells:

 Spells                   Type           Power      Damage    Failure   Level
 Call Canine Familiar     Summ           18%        N/A       8%          3
 Summon Blazeheart Golem  Fire/Summ      10%        N/A       56%         4
 Summon Lightning Spire   Summ/Air       10%        N/A       56%         4


Dungeon Overview and Level Annotations

Branches:
Dungeon (3/15)

Altars:

Shops:
D:2 ??!


Innate Abilities, Weirdness & Mutations

Your spellcasting is much less encumbered by armour.
You can use scrolls of enchantment on lesser artefacts.


Message History

The quokka barely misses your cerulean imp.
Your cerulean imp completely misses the quokka.
The quokka misses your cerulean imp.
Your cerulean imp hits the quokka but does no damage.
The quokka barely misses your cerulean imp.
Your cerulean imp barely misses the quokka.
The quokka barely misses your cerulean imp.
Your cerulean imp barely misses the quokka.
The quokka bites your cerulean imp but does no damage.
The quokka completely misses your cerulean imp.
The orc priest casts a cantrip, but nothing happens.
Your cerulean imp hits the quokka with a -3 spear.
The quokka closely misses your cerulean imp.
Your cerulean imp closely misses the quokka.
The quokka barely misses your cerulean imp.
Your cerulean imp barely misses the quokka.
The quokka bites your cerulean imp.
Your cerulean imp dies!
Your cerulean imp disappears in a puff of smoke!
Casting: Call Imp (safe; 3% risk of failure)
Confirm with . or Enter, or press ? or * to list all spells.
A tiny devil pulls itself out of the air.
The orc priest shouts, "The Pantheon deserves no one's loyalty.
Let us show you the true path!"
The quokka closely misses your cerulean imp.
The quokka barely misses your cerulean imp.
The quokka misses your cerulean imp.
Your cerulean imp hits the quokka with a -3 spear.
The quokka dies!
The orc priest invokes the aid of Beogh against you.
Beogh smites you!
* * * LOW HITPOINT WARNING * * *
Your cerulean imp hits the orc with a -3 spear.
The orc barely misses your cerulean imp.
Your cerulean imp hits the orc with a -3 spear.
The orc hits your cerulean imp with a +0 mace.
Your cerulean imp barely misses the orc.
The orc closely misses your cerulean imp.
The orc priest invokes the aid of Beogh against you.
Beogh smites you!
You die...

### ### #@# #.# #5#
#########.######o#
..............§oo##
.##.##.......o..w....).
.##.##.#..##5##..###.##
###........o.....#
###.##.#...........
....................


You could see a ribbon worm, an orc priest, 2 orcs and a friendly cerulean imp
(summoned).

Vanquished Creatures
  2 adders (D:2)
  A dart slug (D:1)
  A ribbon worm (D:2)
  2 bats (D:1)
  2 endoplasms (D:1)
  2 giant cockroaches
  5 goblins
  2 hobgoblins
  2 jackals (D:2)
  2 ball pythons
  A frilled lizard (D:2)
  3 kobolds
  A rat (D:1)
26 creatures vanquished.

Vanquished Creatures (collateral kills)
  An adder (D:3)
  A dart slug (D:1)
  A ribbon worm (D:2)
  An orc (D:3)
  A giant cockroach (D:1)
  3 goblins
  2 hobgoblins (D:1)
  A quokka (D:3)
  A ball python (D:2)
  A frilled lizard (D:1)
  3 kobolds (D:1)
  A rat (D:1)
17 creatures vanquished.

Grand Total: 43 creatures vanquished

Notes
Turn   | Place    | Note
-------+----------+-------------------------------------------
     0 | D:1      | CoinPitGoblin the Mountain Dwarf Summoner began the quest
                  | for the Orb.
     0 | D:1      | Reached XP level 1. HP: 14/14 MP: 3/3
    70 | D:1      | Upgraded the game from 0.32-a0-629-g87aaac5c70 to
                  | 0.32-a0-696-g5fa0bccb63
    70 | D:1      | Upgraded the game from 0.32-a0-696-g5fa0bccb63 to
                  | 0.32-a0-720-g1d96ad090f
    70 | D:1      | Upgraded the game from 0.32-a0-720-g1d96ad090f to
                  | 0.32-a0-814-g0968bab981
   285 | D:1      | Found a faded altar of an unknown god.
   289 | D:1      | Reached XP level 2. HP: 20/20 MP: 4/4
   828 | D:1      | Learned a level 2 spell: Call Imp
   969 | D:1      | Reached XP level 3. HP: 10/26 MP: 4/6
  1755 | D:2      | Found Jomair's Distillery.
  1841 | D:2      | Found Nopapn's Magic Scroll Emporium.
  1951 | D:2      | Found Puntos's Magic Scroll Shop.
  2086 | D:2      | Reached XP level 4. HP: 18/33 MP: 5/7
  2516 | D:3      | Killed from afar by an orc priest

Illustrated notes

Levels and vault maps discovered:
D:1:      minmay_arrival_doors, layout_loops_cross,
          shapermc_ecumenical_altar_notcrosses
D:2:      layout_loops_corners, serial_shops, nicolae_shop_crystal,
          nicolae_lakefront_shop, shop, serial_forest, infiniplex_forest_end_1,
          infiniplex_forest_split, infiniplex_forest_lined_corner,
          infiniplex_forest_clump_diagonal, infiniplex_forest_lined_2,
          infiniplex_forest_clump_diagonal, minmay_pentomino_s2
D:3:      layout_basic, kennysheep_jessica_study

Skill      XL: |  1  2 |
---------------+-------+-----
Spellcasting   | 2 |  2.5
Fighting       | |  0.4
Short Blades   | |  0.3
Dodging        | |  1.6
Stealth        | |  1.6
Summonings     | |  4.8

Action                     |  1- 3 |  4- 6 || total
---------------------------+-------+-------++-------
  Melee: Dagger            |    71 |       ||    71
         Unarmed           |     6 |       ||     6
         Short sword       |    46 |    10 ||    56
   Cast: Summon Small Mamm |    22 |       ||    22
         Call Imp          |    13 |     5 ||    18
    Use: Scroll            |       |     2 ||     2
   Stab: Sleeping          |     2 |       ||     2
         Distracted        |     1 |       ||     1
 Armour: Robe              |    77 |    16 ||    93
  Dodge: Dodged            |    79 |     6 ||    85

Table legend: (Time is in decaauts)
 A = Elapsed time spent in this place.
 B = Non-inter-level travel time spent in this place.
 C = Inter-level travel time spent in this place.
 D = Time resting spent in this place.
 E = Time spent auto-exploring this place.
 F = Levels seen in this place.
 G = Mean time per level.
                   A        B        C        D        E       F      G
               +--------+--------+--------+--------+--------+-----+--------+
         Total |   2514 |   2310 |    204 |      0 |   1898 |   3 |  838.0 |
       Dungeon |   2514 |   2310 |    204 |      0 |   1898 |   3 |  838.0 |
               +--------+--------+--------+--------+--------+-----+--------+

Top non-repeatable levels by time:
     D:2: 1182 daAuts
     D:1: 1157 daAuts
     D:3: 175 daAuts
